 Dungeon Crawl Stone Soup version 0.27-a0-686-gaed091b46b (webtiles) character file.

Game seed: 13871473008119721546

6 jasper the Sneak (level 1, 0/18 HPs)
             Began as a Demonspawn Delver on Mar 21, 2021.
             Slain by an ufetubus (2 damage)
             ... on level 5 of the Dungeon.
             The game lasted 00:00:50 (253 turns).

jasper the Sneak (Demonspawn Delver)                 Turns: 253, Time: 00:00:51

Health: 0/18       AC:  7    Str: 12    XL:     1   Next: 75%
Magic:  1/1        EV:  9    Int: 11    God:
Gold:   6          SH:  0    Dex: 14    Spells: 0/0 levels left

rFire    . . .     SeeInvis .   a - +0 hand axe
rCold    . . .     Faith    .   (no shield)
rNeg     . . .     Spirit   .   j - +0 scale mail
rPois    .         Reflect  .   (no helmet)
rElec    .         Harm     .   (no cloak)
rCorr    .         Rampage  .   e - +0 pair of gloves
Will     .....                  (no boots)
Stlth    +.........             (no amulet)
HPRegen  0.06/turn              (no ring)
MPRegen  0.07/turn              (no ring)

@: hasted, very quick
A: no striking features
a: no special abilities


You were on level 5 of the Dungeon.
You visited 1 branch of the dungeon, and saw 2 of its levels.

You collected 6 gold pieces.

Inventory:

Hand Weapons
 a - a +0 hand axe (weapon)
Armour
 b - a +0 leather armour
 e - a +0 pair of gloves (worn)
 h - a +0 ring mail
 j - a +0 scale mail (worn)
Wands
 g - a wand of digging (3)
Scrolls
 c - a scroll of fog
 d - a scroll of magic mapping


   Skills:
 - Level 3.0 Fighting
 + Level 2.3 Axes
 - Level 1.7 Dodging
 - Level 4.5 Stealth


You couldn't memorise any spells.
You didn't know any spells.
Your spell library was empty.

Dungeon Overview and Level Annotations

Branches:
Dungeon (5/15)
 Temple: D:4-7

Altars:


Message History

You climb downwards.
An ufetubus comes into view.
The ufetubus shouts!
There is a stone staircase leading up here.
You feel yourself speed up. The ufetubus hits you. x2
You take 3 damage, and have 14/18 hp.
You closely miss the ufetubus. The ufetubus hits you. x2
You take 3 damage, and have 11/18 hp.
You hit the ufetubus but do no damage. The ufetubus hits you.
The ufetubus hits you but does no damage.
You take 4 damage, and have 7/18 hp.
MASSIVE DAMAGE!!
You hit the ufetubus.
The ufetubus is severely wounded.
The ufetubus misses you. The ufetubus barely misses you.
You barely miss the ufetubus.
The ufetubus is severely wounded.
The ufetubus hits you but does no damage.
The ufetubus barely misses you.
You miss the ufetubus.
The ufetubus is heavily wounded.
The ufetubus closely misses you.
The ufetubus hits you but does no damage.
You closely miss the ufetubus.
The ufetubus is heavily wounded.
The ufetubus closely misses you. The ufetubus hits you.
You take 2 damage, and have 6/18 hp.
You hit the ufetubus.
The ufetubus is severely wounded.
The ufetubus closely misses you. The ufetubus barely misses you.
The ufetubus completely misses you. The ufetubus hits you.
* * * LOW HITPOINT WARNING * * *
You take 4 damage, and have 2/18 hp.
MASSIVE DAMAGE!!
You closely miss the ufetubus.
The ufetubus is severely wounded.
The ufetubus misses you.
The ufetubus hits you but does no damage.
You hit the ufetubus.
The ufetubus is almost dead.
The ufetubus closely misses you. The ufetubus hits you.
You die...

. ... . .. .
.####.###..
...#.#...
##......# .
..###...... ...
.......5.#..#.#
#...@.......
......#..#.#.#.
..... #....
..## ....... .
##.......
..####. ..# ##.


You could see an ufetubus.

Vanquished Creatures
  An adder zombie (D:5)
  A leopard gecko (D:4)
2 creatures vanquished.

Notes
Turn   | Place    | Note
-------+----------+-------------------------------------------
     0 | D:5      | jasper the Demonspawn Delver began the quest for the Orb.
     0 | D:5      | Reached XP level 1. HP: 18/18 MP: 1/1
   172 | D:4      | Noticed a worker ant
   237 | D:4      | Noticed a worker ant
   253 | D:5      | Slain by an ufetubus

Illustrated notes

Levels and vault maps discovered:
D:4:      layout_cave_pods, uniq_pikel, uniq_menkaure, uniq_natasha,
          uniq_duvessa
D:5:      layout_cave_pools, hangedman_decor_points, glass_columns_c,
          kennysheep_crisscross, minmay_misc_feat_chi,
          fedhas_bush_and_centaur_altar, uniq_crazy_yiuf_cottage

Skill      XL: |  1 |
---------------+----+-----
Axes           | 2 |  2.3
Fighting       | |  3.0
Dodging        | |  1.7
Stealth        | |  4.5

Action                   || total
-------------------------++-------
Melee: Hand axe          ||    20
  Use: Potion            ||     2
       Scroll            ||     1
Armor: Scale mail        ||     4
       Ring mail         ||     3
Dodge: Dodged            ||    17

Table legend: (Time is in decaauts)
 A = Elapsed time spent in this place.
 B = Non-inter-level travel time spent in this place.
 C = Inter-level travel time spent in this place.
 D = Time resting spent in this place.
 E = Time spent auto-exploring this place.
 F = Levels seen in this place.
 G = Mean time per level.
                   A        B        C        D        E       F      G
               +--------+--------+--------+--------+--------+-----+--------+
         Total |    254 |    254 |      0 |     89 |     24 |   2 |  127.0 |
       Dungeon |    254 |    254 |      0 |     89 |     24 |   2 |  127.0 |
               +--------+--------+--------+--------+--------+-----+--------+

Top non-repeatable levels by time:
     D:5: 143 daAuts
     D:4: 110 daAuts
